SL
DETROIT REAPERS @ COLUMBUS TIDAL WAVES
06/27/2019
 
TOP OF THE 1ST
Detroit Reapers batting - Pitching for Columbus Tidal Waves : RHP Bill Fletcher
Pitching: RHP Bill Fletcher
Batting: SHB Will Brock 0-0: Ball
1-0: Called Strike
1-1: Called Strike
1-2: Strikes out swinging
Batting: LHB Pat McJannett 0-0: Called Strike
0-1: Called Strike
0-2: Foul Ball, location: 2F
0-2: Ball
1-2: Foul Ball, location: 2F
1-2: Strikes out swinging
Batting: LHB Keith Spear 0-0: Ball
1-0: Swinging Strike
1-1: Called Strike
1-2: DOUBLE (Flyball, 78XD)
Batting: SHB Eiji Suzuki 0-0: Called Strike
0-1: Ball
1-1: Called Strike
1-2: Ground out 4-3 (Groundball, 4)
Top of the 1st over - 0 run(s), 1 hit(s), 0 error(s), 1 left on base; Detroit 0 - Columbus 0
BOTTOM OF THE 1ST
Columbus Tidal Waves batting - Pitching for Detroit Reapers : RHP Harold Taylor
Pitching: RHP Harold Taylor
Batting: RHB Joseph Pate 0-0: Called Strike
0-1: Ball
1-1: SOLO HOME RUN (Flyball, 7D), Distance : 392 ft
Batting: LHB Do-hyung Nam 0-0: Ball
1-0: Ball
2-0: Ball
3-0: Called Strike
3-1: Foul Ball, location: 2F
3-2: Base on Balls
Batting: RHB Cale Sutton 0-0: Called Strike
0-1: Called Strike
0-2: Ball
1-2: Strikes out swinging
Batting: RHB Yong-oon Yi 0-0: Ball
1-0: Swinging Strike
1-1: Called Strike
1-2: Ball
2-2: 2-RUN HOME RUN (Line Drive, 78XD), Distance : 390 ft
Batting: LHB James Murray 0-0: Swinging Strike
0-1: Foul Ball, location: 2F
0-2: Ground out 4-3 (Groundball, 4)
Batting: SHB Todd Schenkel 0-0: Called Strike
0-1: Ball
1-1: Ball
2-1: Ball
3-1: Foul Ball, location: 2F
3-2: Base on Balls
Batting: RHB George McDonald 0-0: Called Strike
0-1: Ball
Todd Schenkel steals 2nd base
1-1: Ground out 6-3 (Groundball, 6)
Bottom of the 1st over - 3 run(s), 2 hit(s), 0 error(s), 1 left on base; Detroit 0 - Columbus 3
TOP OF THE 2ND
Detroit Reapers batting - Pitching for Columbus Tidal Waves : RHP Bill Fletcher
Batting: LHB Ryan Westlake 0-0: Called Strike
0-1: Called Strike
0-2: Foul Ball, location: 2F
0-2: Strikes out looking
Batting: RHB Kevin Howard 0-0: Called Strike
0-1: Foul Ball, location: 2F
0-2: Strikes out swinging
Batting: RHB Robby Thomas 0-0: Ball
1-0: Ball
2-0: SINGLE (Line Drive, 3)
Batting: SHB Roger Wheeler 0-0: Ball
1-0: Ground out 6-3 (Groundball, 6)
Top of the 2nd over - 0 run(s), 1 hit(s), 0 error(s), 1 left on base; Detroit 0 - Columbus 3
BOTTOM OF THE 2ND
Columbus Tidal Waves batting - Pitching for Detroit Reapers : RHP Harold Taylor
Batting: RHB Joaquín Parra 0-0: Ball
1-0: Fly out, F9 (Flyball, 9M)
Batting: RHB Bill Fletcher 0-0: Swinging Strike
0-1: Called Strike
0-2: Strikes out swinging
Batting: RHB Joseph Pate 0-0: Called Strike
0-1: Foul Ball, location: 2F
0-2: Ball
1-2: Foul Ball, location: 2F
1-2: Ball
2-2: Strikes out looking
Bottom of the 2nd over - 0 run(s), 0 hit(s), 0 error(s), 0 left on base; Detroit 0 - Columbus 3
TOP OF THE 3RD
Detroit Reapers batting - Pitching for Columbus Tidal Waves : RHP Bill Fletcher
Batting: RHB Harold Taylor 0-0: SINGLE (Groundball, 6MD)
Batting: SHB Will Brock 0-0: Ball
1-0: Called Strike
1-1: Foul Ball, location: 2F
1-2: Foul Ball, location: 2F
1-2: Ball
2-2: Foul Ball, location: 2F
2-2: Strikes out swinging
Batting: LHB Pat McJannett 0-0: Ball
1-0: Foul Ball, location: 2F
1-1: Ball
2-1: Called Strike
2-2: Foul Ball, location: 2F
2-2: Foul Ball, location: 2F
2-2: Foul Ball, location: 2F
2-2: Strikes out swinging
Batting: LHB Keith Spear 0-0: Called Strike
0-1: Ball
1-1: Swinging Strike
1-2: Ball
2-2: Foul Ball, location: 2F
2-2: Ball
3-2: Strikes out looking
Top of the 3rd over - 0 run(s), 1 hit(s), 0 error(s), 1 left on base; Detroit 0 - Columbus 3
BOTTOM OF THE 3RD
Columbus Tidal Waves batting - Pitching for Detroit Reapers : RHP Harold Taylor
Batting: LHB Do-hyung Nam 0-0: Ball
1-0: DOUBLE (Flyball, 9LM)
Batting: RHB Cale Sutton 0-0: Fly out, F6 (Line Drive, 6)
Batting: RHB Yong-oon Yi 0-0: Called Strike
0-1: Ball
1-1: DOUBLE (Line Drive, 7LS)
Do-hyung Nam scores
Batting: LHB James Murray 0-0: SINGLE (Line Drive, 8LS)
Yong-oon Yi to third
Batting: SHB Todd Schenkel 0-0: Grounds into double play, U4-3 (Groundball, 4)
Bottom of the 3rd over - 1 run(s), 3 hit(s), 0 error(s), 1 left on base; Detroit 0 - Columbus 4
TOP OF THE 4TH
Detroit Reapers batting - Pitching for Columbus Tidal Waves : RHP Bill Fletcher
Batting: SHB Eiji Suzuki 0-0: Called Strike
0-1: Ground out 4-3 (Groundball, 4)
Batting: LHB Ryan Westlake 0-0: Swinging Strike
0-1: Ground out 1-3 (Groundball, 15S)
Batting: RHB Kevin Howard 0-0: Called Strike
0-1: Foul Ball, location: 2F
0-2: Strikes out swinging
Top of the 4th over - 0 run(s), 0 hit(s), 0 error(s), 0 left on base; Detroit 0 - Columbus 4
BOTTOM OF THE 4TH
Columbus Tidal Waves batting - Pitching for Detroit Reapers : RHP Harold Taylor
Batting: RHB George McDonald 0-0: Swinging Strike
0-1: Swinging Strike
0-2: Ball
1-2: Ball
2-2: Ball
3-2: Foul Ball, location: 2F
3-2: Base on Balls
Batting: RHB Joaquín Parra 0-0: SINGLE (Groundball, 56D)
George McDonald to second
Batting: RHB Bill Fletcher 0-0: Sac Bunt - play at third, runner OUT! 3-5
Joaquín Parra to second
Batting: RHB Joseph Pate 0-0: Ball
1-0: Foul Ball, location: 2F
1-1: Ball
2-1: Ball
3-1: Foul Ball, location: 2F
3-2: Base on Balls
Joaquín Parra to third
Bill Fletcher to second
Batting: LHB Do-hyung Nam 0-0: Ball
1-0: Foul Ball, location: 2F
1-1: Called Strike
1-2: Ball
2-2: Ball
3-2: Strikes out swinging
Batting: RHB Cale Sutton 0-0: GRAND SLAM HOME RUN (Line Drive, 78XD), Distance : 385 ft
Pitching: RHP Fernando González
Batting: RHB Yong-oon Yi 0-0: Called Strike
0-1: Foul Ball, location: 2F
0-2: Ball
1-2: Ball
2-2: Foul Ball, location: 2F
2-2: Foul Ball, location: 2F
2-2: Foul Ball, location: 2F
2-2: Ground out 5-3 (Groundball, 56)
Bottom of the 4th over - 4 run(s), 2 hit(s), 0 error(s), 0 left on base; Detroit 0 - Columbus 8
TOP OF THE 5TH
Detroit Reapers batting - Pitching for Columbus Tidal Waves : RHP Bill Fletcher
Batting: RHB Robby Thomas 0-0: Called Strike
0-1: Ball
1-1: Ball
2-1: Ground out 6-3 (Groundball, 6M)
Batting: SHB Roger Wheeler 0-0: Ball
1-0: Ball
2-0: Called Strike
2-1: Foul Ball, location: 2F
2-2: Ball
3-2: Foul Ball, location: 2F
3-2: Strikes out looking
Batting: RHB Fernando González 0-0: Ball
1-0: Ball
2-0: Called Strike
2-1: Ball
3-1: Foul Ball, location: 2F
3-2: Strikes out swinging
Top of the 5th over - 0 run(s), 0 hit(s), 0 error(s), 0 left on base; Detroit 0 - Columbus 8
BOTTOM OF THE 5TH
Columbus Tidal Waves batting - Pitching for Detroit Reapers : RHP Fernando González
Batting: LHB James Murray 0-0: Called Strike
0-1: Ground out 3-1 (Groundball, 34)
Batting: SHB Todd Schenkel 0-0: Ball
1-0: Ground out 3-1 (Groundball, 34)
Batting: RHB George McDonald 0-0: Ball
1-0: Foul Ball, location: 2F
1-1: Ball
2-1: Ball
3-1: Base on Balls
Batting: RHB Joaquín Parra 0-0: Swinging Strike
0-1: Ball
1-1: Ground out 1-3 (Groundball, 15)
Bottom of the 5th over - 0 run(s), 0 hit(s), 0 error(s), 1 left on base; Detroit 0 - Columbus 8
TOP OF THE 6TH
Detroit Reapers batting - Pitching for Columbus Tidal Waves : RHP Bill Fletcher
Batting: SHB Will Brock 0-0: Ball
1-0: Fly out, F8 (Flyball, 8RXD)
Batting: LHB Pat McJannett 0-0: Ground out 4-3 (Groundball, 34)
Batting: LHB Keith Spear 0-0: Ball
1-0: Foul Ball, location: 2F
1-1: Called Strike
1-2: Foul Ball, location: 2F
1-2: Foul Ball, location: 2F
1-2: Fly out, F9 (Flyball, 9D)
Top of the 6th over - 0 run(s), 0 hit(s), 0 error(s), 0 left on base; Detroit 0 - Columbus 8
BOTTOM OF THE 6TH
Columbus Tidal Waves batting - Pitching for Detroit Reapers : RHP Fernando González
Batting: RHB Bill Fletcher 0-0: Swinging Strike
0-1: Called Strike
0-2: Ball
1-2: Ball
2-2: Strikes out looking
Batting: RHB Joseph Pate 0-0: Ball
1-0: Called Strike
1-1: Fly out, F4 (Line Drive, 4)
Batting: LHB Do-hyung Nam 0-0: Swinging Strike
0-1: Called Strike
0-2: Ball
1-2: Fly out, F4 (Popup, 4M)
Bottom of the 6th over - 0 run(s), 0 hit(s), 0 error(s), 0 left on base; Detroit 0 - Columbus 8
TOP OF THE 7TH
Detroit Reapers batting - Pitching for Columbus Tidal Waves : RHP Bill Fletcher
Now at C: Juan Alvarado
Batting: SHB Eiji Suzuki 0-0: Fly out, F3 (Line Drive, 3)
Batting: LHB Ryan Westlake 0-0: Ball
1-0: Ground out 1-3 (Groundball, 13S)
Batting: RHB Kevin Howard 0-0: Ground out 5-3 (Groundball, 5L)
Top of the 7th over - 0 run(s), 0 hit(s), 0 error(s), 0 left on base; Detroit 0 - Columbus 8
BOTTOM OF THE 7TH
Columbus Tidal Waves batting - Pitching for Detroit Reapers : RHP Fernando González
Pitching: RHP Luis Ríos
Batting: RHB Cale Sutton 0-0: Called Strike
0-1: Ball
1-1: Ball
2-1: Ball
3-1: Base on Balls
Batting: RHB Yong-oon Yi 0-0: Ball
1-0: Called Strike
1-1: Ball
2-1: Foul Ball, location: 2F
2-2: Foul Ball, location: 2F
2-2: Foul Ball, location: 2F
2-2: Ball
3-2: Foul Ball, location: 2F
3-2: Grounds into double play, 6-4-3 (Groundball, 6M)
Batting: LHB James Murray 0-0: Reached on error, E4 (Groundball, 4)
Batting: SHB Todd Schenkel 0-0: Called Strike
0-1: Ball
1-1: Called Strike
1-2: Ball
2-2: Foul Ball, location: 2F
2-2: Fly out, F7 (Flyball, 7LM)
Bottom of the 7th over - 0 run(s), 0 hit(s), 1 error(s), 1 left on base; Detroit 0 - Columbus 8
TOP OF THE 8TH
Detroit Reapers batting - Pitching for Columbus Tidal Waves : RHP Bill Fletcher
Batting: RHB Robby Thomas 0-0: Foul Ball, location: 2F
0-1: Foul Ball, location: 2F
0-2: Foul Ball, location: 2F
0-2: Foul Ball, location: 2F
0-2: Strikes out swinging
Batting: SHB Roger Wheeler 0-0: Swinging Strike
0-1: Swinging Strike
0-2: Ball
1-2: SOLO HOME RUN (Flyball, 9D), Distance : 418 ft
Pitching: RHP Mike Warren
Pinch Hitting: RHB Abílio Conceio 0-0: Ball
1-0: Fly out, F3 (Popup, 3F)
Batting: SHB Will Brock 0-0: Called Strike
0-1: Ball
1-1: Called Strike
1-2: Ball
2-2: Strikes out looking
Top of the 8th over - 1 run(s), 1 hit(s), 0 error(s), 0 left on base; Detroit 1 - Columbus 8
BOTTOM OF THE 8TH
Columbus Tidal Waves batting - Pitching for Detroit Reapers : RHP Luis Ríos
Pitching: RHP Casey Bader
Batting: RHB George McDonald 0-0: Ball
1-0: Called Strike
1-1: Called Strike
1-2: Ball
2-2: Foul Ball, location: 2F
2-2: Strikes out looking
Batting: RHB Joaquín Parra 0-0: Ball
1-0: Ground out 4-3 (Groundball, 4)
Pinch Hitting: RHB Florian Cesaresco 0-0: Called Strike
0-1: Swinging Strike
0-2: Strikes out swinging
Bottom of the 8th over - 0 run(s), 0 hit(s), 0 error(s), 0 left on base; Detroit 1 - Columbus 8
TOP OF THE 9TH
Detroit Reapers batting - Pitching for Columbus Tidal Waves : RHP Mike Warren
Pitching: RHP Les Edwards
Batting: LHB Pat McJannett 0-0: Ball
1-0: Called Strike
1-1: Ball
Error on foul ball, E2
2-2: Foul Ball, location: 2F
2-2: SINGLE (Line Drive, 8RS)
Batting: LHB Keith Spear 0-0: Ball
1-0: TRIPLE (Flyball, 8RXD)
Pat McJannett scores
Batting: SHB Eiji Suzuki 0-0: Ball
1-0: Ball
Reached via error on a dropped throw, E1
Keith Spear scores
Pitching: LHP Han-lee Pak
Batting: LHB Ryan Westlake 0-0: Foul Ball, location: 2F
0-1: Ball
Wild Pitch!
Eiji Suzuki to second
1-1: Foul Ball, location: 2F
1-2: Ball
2-2: Strikes out swinging
Batting: RHB Kevin Howard 0-0: Called Strike
0-1: Ball
1-1: Foul Ball, location: 2F
1-2: Fly out, F9 (Flyball, 9LD)
Runner from 2nd tags up, SAFE at 3rd, no throw
Batting: RHB Robby Thomas 0-0: Called Strike
0-1: Ball
1-1: Swinging Strike
1-2: Foul Ball, location: 2F
1-2: Ball
2-2: Strikes out swinging
Top of the 9th over - 2 run(s), 2 hit(s), 2 error(s), 1 left on base; Detroit 3 - Columbus 8
This league is powered by Out of the Park Baseball, the baseball management simulation game for PC, Mac and Linux
Saturday, July 25th, 2015 - OOTP Baseball 15.6 Build 34